 Dungeon Crawl Stone Soup version 0.29-a0-563-g64e4043 (webtiles) character file.

Game seed: 15383020743743041252

2433 BingusPrime the Magician (level 9, -8/55 HPs)
             Began as a Djinni Conjurer on June 11, 2022.
             Mangled by Illumine's ghost (19 damage)
             ... on level 6 of the Dungeon.
             The game lasted 00:36:57 (9021 turns).

BingusPrime the Magician (Djinni Conjurer)          Turns: 9021, Time: 00:36:58

Health: -8/55      AC:  2    Str:  6    XL:     9   Next: 77%
Gold:   281        EV: 15    Int: 23    God:
                   SH:  5    Dex: 13

rFire   + + .      SeeInvis .   (no weapon)
rCold   x . .      Faith    .   (no shield)
rNeg    . . .      Spirit   .   a - +0 robe
rPois   ∞          Reflect  +   (no helmet)
rElec   .          Harm     .   (no cloak)
rCorr   .          Rampage  .   (no gloves)
Will    .....                   (boots unavailable)
Stlth   +++.......              o - amulet of reflection
HPRegen 0.18/turn               (no ring)
MPRegen 0.00/turn               (no ring)

@: flying
A: sickness immunity, fire resistance 2, cold vulnerability 1, float, innate
caster, HP casting, extra vitality 1
a: no special abilities


You were on level 6 of the Dungeon.
You visited 1 branch of the dungeon, and saw 6 of its levels.

You collected 281 gold pieces.

Inventory:

Missiles
 q - 9 boomerangs
 t - 9 poisoned darts
Armour
 a - a +0 robe (worn)
 j - a +1 chain mail of fire resistance
 r - a +3 ring mail
Jewellery
 o - an amulet of reflection (around neck)
Wands
 w - a wand of polymorph (5)
Scrolls
 b - 4 scrolls of teleportation
 c - 3 scrolls of enchant weapon
 d - a scroll of brand weapon {unknown}
 h - a scroll of identify
 i - a scroll of summoning {unknown}
 m - a scroll of vulnerability {unknown}
 n - 4 scrolls of fear
 p - 2 scrolls of immolation {unknown}
 s - 2 scrolls of torment {unknown}
 v - 2 scrolls of poison {unknown}
Potions
 e - a potion of attraction {unknown}
 f - 2 potions of flight
 g - a potion of resistance
 k - a potion of brilliance
 l - 2 potions of ambrosia {unknown}
 u - a potion of mutation {unknown}


   Skills:
 + Level 7.1 Dodging
 + Level 5.8 Stealth
 * Level 7.6 Spellcasting


You couldn't memorise any spells.
You knew the following spells:

 Your Spells              Type           Power      Damage    Failure   Level
a - Magic Dart            Conj           100%       1d8       1%          1
b - Searing Ray           Conj           86%        2d7       1%          2
c - Dazzling Flash        Conj/Hex       86%        N/A       1%          3
d - Fulminant Prism       Conj/Hex       21%        3d13      3%          4
e - Iskenderun's Mystic   Conj/Tloc      43%        2d10      3%          4
f - Slow                  Hex            100%       N/A       1%          1
g - Call Imp              Summ           43%        N/A       1%          2
h - Lesser Beckoning      Tloc           43%        N/A       1%          3
i - Vampiric Draining     Necr           43%        2d9       1%          3
Your spell library was empty.

Dungeon Overview and Level Annotations

Branches:
Dungeon (6/15)
 Temple: D:4-7

Altars:
Hepliaklqana
Kikubaaqudgha
Makhleb
Nemelex Xobeh
Ru
Wu Jian
The Shining One

Annotations:
D:6 1 transporter, Illumine's ghost, novice MeFi


Innate Abilities, Weirdness & Mutations

You are immune to sickness and miasma.
You are immune to poison.
Your flesh is very heat resistant. (rF++)
You are vulnerable to cold. (rC-)
You float through the air rather than walking.
You learn spells naturally, not from books.
Your magical power is your life essence.
You have superior vitality. (+4 MHP)


Message History

The searing ray hits Illumine's ghost.
Illumine's ghost is moderately damaged. (Press . to maintain the ray.)
Your crimson imp blinks!
The centaur wields a +0 shortbow.
The centaur shoots an arrow.
The arrow hits you!
Casting: Searing Ray (safe; 1% risk of failure)
Confirm with . or Enter, or press ? or * to list all spells.
Okay, then.
Your crimson imp barely misses Illumine's ghost.
Casting: Searing Ray (safe; 1% risk of failure)
Confirm with . or Enter, or press ? or * to list all spells.
Aiming: Fulminant Prism (dangerous; 3% risk of failure)
Press: ? - help, Dir - move target, p - Illumine's ghost You conjure a prism of explosive energy!
A fulminant prism comes into view.
The centaur unwields a +0 shortbow.
The centaur hits your fulminant prism. The centaur kicks your fulminant prism.
Your crimson imp barely misses Illumine's ghost.
Illumine's ghost attacks as you move away!
Illumine's ghost hits you!!
* * * LOW HITPOINT WARNING * * *
You hear a loud crackle.
Something completely misses your crimson imp.
Something barely misses your crimson imp.
Something misses your crimson imp.
Something barely misses your crimson imp.
You hear an explosion!
The blast of energy engulfs your crimson imp!!
You kill your crimson imp!
Your crimson imp disappears in a puff of smoke!
Casting: Fulminant Prism (dangerous; 3% risk of failure)
Confirm with . or Enter, or press ? or * to list all spells.
Aiming: Slow (safe; 1% risk of failure)
Press: ? - help, Shift-Dir - straight line, f - Illumine's ghost
Aim: Illumine's ghost (moderately damaged, chance to affect: 29%) Illumine's ghost seems to slow down.
* * * LOW HITPOINT WARNING * * *
Illumine's ghost hits you!!
You die...

####.....# #.. #....#
###.# ####.## ....#
#*c# ..##.## ##.###.#
#..###
#.c#..###....####
##...###..##...#.
##W.#..#...###....
##@^###....## ##...
##..## ##...#####...
##.<## #..#...##....
#..######.###.....#..
#.##......###...####.
##.........##....# ##
##.####...........#
## #.###
####..####.## ##.
#...## #..# #.###..


You could see a centaur and Illumine's ghost (slow).

Vanquished Creatures
  Pikel (D:6)
  A wyvern (D:6)
  Eustachio (D:4)
  A black bear (D:6)
  An ice beast (D:4)
  An ogre (D:6)
  A phantom (D:5)
  Blork the orc (D:6)
  4 necrophages
  2 scorpions
  2 wights (D:6)
  2 hounds (D:5)
  3 jellies
  A gnoll shaman (D:6)
  2 orc priests
  6 iguanas
  An orc wizard (D:5)
  5 gnolls (D:6)
  8 adders
  2 white imps (D:5)
  A worm (D:4)
  A dart slug (D:1)
  23 orcs
  11 ball pythons
  4 bats
  12 endoplasms
  4 giant cockroaches
  11 goblins
  5 hobgoblins
  3 jackals (D:3)
  A quokka (D:1)
  2 frilled lizards (D:1)
  5 kobolds
  5 rats
134 creatures vanquished.

Vanquished Creatures (collateral kills)
  A black bear (D:6)
  An ogre (D:5)
2 creatures vanquished.

Vanquished Creatures (others)
  20 fulminant prisms (D:6)
20 creatures vanquished.

Grand Total: 156 creatures vanquished

Notes
Turn   | Place    | Note
-------+----------+-------------------------------------------
     0 | D:1      | BingusPrime the Djinni Conjurer began the quest for the
                  | Orb.
     0 | D:1      | Reached XP level 1. HP: 15/15 MP: 0/0
    87 | D:1      | Found a faded altar of an unknown god.
   253 | D:1      | Reached XP level 2. HP: 19/21 MP: 0/0
   731 | D:1      | Reached XP level 3. HP: 22/25 MP: 0/0
   731 | D:1      | Learned a level 1 spell: Slow
  1394 | D:1      | You are sucked into a shaft and drop 1 floor!
  1760 | D:2      | Reached XP level 4. HP: 29/31 MP: 0/0
  2748 | D:3      | Reached XP level 5. HP: 32/35 MP: 0/0
  2748 | D:3      | Learned a level 2 spell: Call Imp
  3810 | D:4      | Noticed an ice beast
  3818 | D:4      | Noticed Eustachio
  3824 | D:4      | Killed an ice beast
  3825 | D:4      | Reached XP level 6. HP: 17/40 MP: 0/0
  3841 | D:4      | HP: 2/40 [quasit[Eustachio] (1)]
  4087 | D:4      | Killed Eustachio
  4088 | D:4      | Reached skill level 5 in Spellcasting
  4088 | D:4      | Reached XP level 7. HP: 25/45 MP: 0/0
  4088 | D:4      | Learned a level 3 spell: Lesser Beckoning
  4427 | D:4      | Found a sparkling altar of Nemelex Xobeh.
  5591 | D:5      | Entered Level 5 of the Dungeon
  5875 | D:5      | Reached skill level 5 in Dodging
  5875 | D:5      | Reached XP level 8. HP: 45/50 MP: 0/0
  5946 | D:5      | Found a hazy altar of Hepliaklqana.
  6333 | D:5      | Found a burning altar of Makhleb.
  6336 | D:5      | Found a sacrificial altar of Ru.
  6859 | D:5      | Found a glowing golden altar of the Shining One.
  7193 | D:6      | Noticed a wyvern
  7209 | D:6      | Identified the +9 dire flail of the Unspeakable One {flame,
                  | Will+ Dex+2}
  7211 | D:6      | Found a transporter.
  7234 | D:6      | Noticed Illumine's ghost (novice MeFi)
  7237 | D:6      | Found a transporter.
  7258 | D:6      | Noticed Blork the orc
  7283 | D:6      | Killed Blork the orc
  7819 | D:6      | Found a transporter.
  7843 | D:6      | Killed a wyvern
  7844 | D:6      | Reached skill level 5 in Stealth
  7844 | D:6      | Reached XP level 9. HP: 9/55 MP: 0/0
  7844 | D:6      | Learned a level 3 spell: Vampiric Draining
  7844 | D:6      | HP: 1/55 [orc priest/nerve-wracking pain (8)]
  8288 | D:6      | Noticed Pikel
  8295 | D:6      | Killed Pikel
  8446 | D:6      | Found an ornate altar of the Wu Jian Council.
  9021 | D:6      | Mangled by Illumine's ghost

Illustrated notes

Levels and vault maps discovered:
D:1:      shiori_arrival_elements, layout_basic,
          dreamdust_ecumenical_altar_grove, minmay_unequal
D:2:      layout_basic, serial_glass, glass_columns_b, glass_columns_a
D:3:      layout_loops_cross
D:4:      layout_layer_cave, nemelex_diamond_rough_becter, marbit_many_paths,
          st_stairs_8, uniq_eustachio
D:5:      layout_basic, tso_oasis_becter, kennysheep_mini, minitemple,
          solitary_fountain
D:6:      gammafunk_wand_slinger, layout_layer_cave, lemuel_tele_altar,
          gammafunk_ghost_smash, grunt_ministairs_8, uniq_pikel, uniq_menkaure,
          uniq_blork_the_orc

Skill      XL: |  1  2  3  4  5  6  7  8  9 |
---------------+----------------------------+-----
Stealth        | 2 3 4 5 |  5.8
Dodging        | 3 4 5 6 7 |  7.1
Spellcasting   | 4 5 6 7 |  7.6

Action                   |  1- 3 |  4- 6 |  7- 9 || total
-------------------------+-------+-------+-------++-------
 Cast: Magic Dart        |    55 |    22 |    71 ||   148
       Searing Ray       |    10 |    31 |    47 ||    88
       Slow              |       |     4 |    15 ||    19
       Call Imp          |       |     1 |     7 ||     8
       Fulminant Prism   |       |       |    20 ||    20
       Dazzling Flash    |       |       |     1 ||     1
       Iskenderun's Myst |       |       |     2 ||     2
       Vampiric Draining |       |       |     2 ||     2
  Use: Scroll            |       |     1 |     6 ||     7
       Potion            |       |     1 |     3 ||     4
Armor: Robe              |     1 |       |     1 ||     2
       Ring mail         |       |    54 |     6 ||    60
Dodge: Dodged            |     1 |    34 |    15 ||    50
Block: Other             |       |    13 |    10 ||    23

Table legend: (Time is in decaauts)
 A = Elapsed time spent in this place.
 B = Non-inter-level travel time spent in this place.
 C = Inter-level travel time spent in this place.
 D = Time resting spent in this place.
 E = Time spent auto-exploring this place.
 F = Levels seen in this place.
 G = Mean time per level.
                   A        B        C        D        E       F      G
               +--------+--------+--------+--------+--------+-----+--------+
         Total |   9020 |   8706 |    314 |   1682 |   6079 |   6 | 1503.3 |
       Dungeon |   9020 |   8706 |    314 |   1682 |   6079 |   6 | 1503.3 |
               +--------+--------+--------+--------+--------+-----+--------+

Top non-repeatable levels by time:
     D:4: 2123 daAuts
     D:6: 1945 daAuts
     D:5: 1483 daAuts
     D:1: 1394 daAuts
     D:2: 1056 daAuts
     D:3: 1017 daAuts
